AoeStats
← DukeOfShadows

Hideout

510241361Analyzed
1v1 RM · 9h ago on Sep 30, 2026· 25m 44s· 2 players
Game mode
Random Map
Map size
Tiny (2 player)
Population
200
Speed
Normal
Resources
Standard
Victory
Conquest
Starting age
Dark Age
Ending age
Imperial Age
RankedLock teamsTeams togetherTeam positionsShared explorationLock speedFull tech treeHidden civsTurbo modeCheats
Victory
Defeat
🇺🇸 Varangians · United States
1519
+17
🇦🇷 Spanish · Argentina
1533
-17
DukeOfShadows
8:46 Feudal Age
9:30 Loom
9:14 Man-at-Arms
13:11 Arson
16:58 Fletching
21:32 Double-Bit Axe
21:47 Horse Collar
24:08 Castle Age
22:04 Gold Mining
TW_HIHAO
10:50 Feudal Age
10:11 Loom
17:38 Castle Age
Connection lost

Rejoining the realm…

Still unreachable

The connection could not be restored.

Session expired

The server has moved on; the page needs a fresh start.